 Dungeon Crawl Stone Soup version 0.31.0-11-ge490571c62 (webtiles) character file.

Game seed: 526301404005129749

422 SmokeWeed the Covert (level 6, -9/41 HPs)
             Began as an Octopode Brigand on Feb 5, 2024.
             Was an Initiate of Dithmenos.
             Mangled by a gnoll sergeant
             ... wielding a +0 spear
              (14 damage)
             ... on level 5 of the Dungeon.
             The game lasted 00:06:26 (3046 turns).

SmokeWeed the Covert (Octopode Brigand)             Turns: 3046, Time: 00:06:27

Health: -9/41      AC:  1    Str: 10    XL:     6   Next: 95%
Magic:  6/6        EV: 10    Int: 14    God:    Dithmenos [......]
Gold:   291        SH:  8    Dex: 15    Spells: 5/5 levels left

rFire   . . .        l - +3 dagger (flame)
rCold   . . .        u - +0 kite shield
rNeg    . . .        (helmet restricted)
rPois   .            (no amulet)
rElec   .            d - ring of willpower
rCorr   .            e - ring of willpower
SInv    .            (no ring)
Will    ++...        (no ring)
Stlth   +++++        (no ring)
HPRegen 0.26/turn    (no ring)
MPRegen 0.10/turn    (no ring)
                     (no ring)

%: no passive effects
@: no status effects
A: almost no armour, amphibious, 8 rings, camouflage 1, gelatinous body 1,
(nimble swimmer 1), tentacles
a: Renounce Religion


You were on level 5 of the Dungeon.
You worshipped Dithmenos.
Dithmenos was noncommittal.
You visited 2 branches of the dungeon, and saw 6 of its levels.

You collected 291 gold pieces.

Inventory:

Hand Weapons
 a - a +2 dagger
 l - a +3 dagger of flaming (weapon)
 m - a +2 dagger of electrocution
 n - a +1 dagger of draining
 r - a +1 falchion of electrocution
Missiles
 b - 15 poisoned darts (quivered)
 c - 3 curare-tipped darts
Armour
 u - a +0 kite shield (worn)
Magical Staves
 q - a staff of conjuration
Jewellery
 d - a ring of willpower (left tentacle)
 e - a ring of willpower (right tentacle)
Scrolls
 h - 2 scrolls of poison
 i - 2 scrolls of identify
 k - a scroll of fog
 t - a scroll of enchant armour
 w - a scroll of immolation {unknown}
 x - a scroll of revelation
Potions
 f - 2 potions of lignification {unknown}
 g - 2 potions of magic
 j - a potion of enlightenment {unknown}
 o - a potion of curing {unknown}
 p - 2 potions of attraction {unknown}
 s - a potion of cancellation {unknown}
 v - a potion of mutation {unknown}


   Skills:
 - Level 2.8 Fighting
 - Level 3.6 Short Blades
 - Level 2.0 Throwing
 - Level 1.3 Dodging
 - Level 9.2 Stealth
 + Level 1.8 Shields


You had 5 spell levels left.
You didn't know any spells.
Your spell library contained the following spells:

 Spells                   Type           Power      Damage    Failure   Level
 Vhi's Electric Charge    Tloc/Air       0%         N/A       100%        4
 Arcjolt                  Conj/Air       0%         1d10      100%        5
 Maxwell's Capacitive Co  Air            0%         ∞         100%        8


Dungeon Overview and Level Annotations

Branches:
Dungeon (5/15)             Temple (1/1) D:4

Altars:
Ashenzari
Dithmenos
Gozag
Hepliaklqana
Nemelex Xobeh
Qazlal
Trog
Uskayaw
Vehumet

Shops:
D:2 [   D:3 *


Innate Abilities, Weirdness & Mutations

You cannot wear most types of armour.
You are amphibious.
You can wear up to eight rings at the same time.
Your skin changes colour to match your surroundings (Stealth+).
Your rubbery body absorbs attacks. (AC +1, EV +1)
((You are camouflaged when in or above water. (Stealth+)))
You have tentacles for arms and can constrict up to eight enemies at once.


Message History

There is an open door here.
You open the door.
An orc comes into view. It is wielding a +0 club.
There is an open door here.
The helpless orc fails to defend itself.
You skewer the orc like a kebab!!! You burn the orc.
You kill the orc!
Dithmenos accepts your kill.
There is an open door here.
You now have 278 gold pieces (gained 16).
You see here 7 stones.
Done exploring.
Done exploring.
There is a stone staircase leading down here.
You climb downwards.
Found 13 gold pieces.
There is a stone staircase leading up here.
You now have 291 gold pieces (gained 13).
A gnoll sergeant and a gnoll come into view.
Found a stone staircase leading down.
The gnoll sergeant shouts!
The gnoll shouts!
You hear a shout!
A gnoll comes into view. It is wielding a +0 flail.
The gnoll sergeant moves out of view.
A gnoll comes into view. It is wielding a +0 spear.
A gnoll comes into view. It is wielding a +3 whip.
You block the gnoll sergeant's attack. You block the gnoll sergeant's attack.
The gnoll barely misses you.
The gnoll shouts! x2
You hit the gnoll sergeant. You burn the gnoll sergeant.
The gnoll sergeant blocks your attack. x2
The gnoll sergeant is lightly wounded.
You block the gnoll sergeant's attack.
The gnoll hits you from afar with a +0 halberd!
The gnoll sergeant hits you from afar with a +0 spear!
The gnoll sergeant attacks as it pursues you!
The gnoll sergeant hits you from afar with a +0 spear!
* * * LOW HITPOINT WARNING * * *
The gnoll sergeant attacks as it pursues you!
The gnoll sergeant hits you from afar with a +0 spear!
You die...

#.# #.# ... ..
##.######.# ..
#.......#.# .#
#..####.#.# .# #..#
#.#.# .#
#..####.#.# .# .#
#.....#.#.###.#...#
#...@.g.g..g.g..#
#..####..####g?.#
#..# #..# ...# #..#
#..# .g.# #..# #..#
..... #... ...#
#....> ##.# ###.#
#.#..# #.# .#..# .#


You could see a gnoll sergeant and 2 gnolls.

Vanquished Creatures
  Blork the orc (D:4)
  A scorpion (D:4)
  A jelly (D:4)
  A bombardier beetle (D:4)
  2 orc wizards (D:2)
  A gnoll (D:1)
  10 adders
  A dart slug (D:1)
  A ribbon worm (D:2)
  8 orcs
  6 ball pythons
  5 bats
  10 endoplasms
  7 goblins
  8 hobgoblins
  8 kobolds
  4 quokkas
  4 frilled lizards
  10 rats
89 creatures vanquished.

Notes
Turn   | Place    | Note
-------+----------+-------------------------------------------
     0 | D:1      | SmokeWeed the Octopode Brigand began the quest for the Orb.
     0 | D:1      | Reached XP level 1. HP: 14/14 MP: 1/1
    45 | D:1      | Reached XP level 2. HP: 17/19 MP: 2/2
   273 | D:1      | Reached skill level 6 in Stealth
   369 | D:1      | Reached XP level 3. HP: 24/24 MP: 3/3
   941 | D:2      | Reached XP level 4. HP: 20/30 MP: 4/4
  1077 | D:2      | Reached skill level 7 in Stealth
  1091 | D:2      | Reached XP level 5. HP: 35/35 MP: 5/5
  1164 | D:2      | Found Omnat's Armour Shop.
  1732 | D:3      | Found Jait's General Store.
  1860 | D:3      | Reached skill level 8 in Stealth
  2055 | D:3      | Found a stormy altar of Qazlal.
  2141 | D:3      | Found a faded altar of an unknown god.
  2255 | D:4      | Found a staircase to the Ecumenical Temple.
  2264 | D:4      | Reached XP level 6. HP: 41/41 MP: 6/6
  2272 | Temple   | Entered the Ecumenical Temple
  2285 | Temple   | Became a worshipper of Dithmenos the Shadowed
  2378 | D:4      | Noticed Blork the orc
  2385 | D:4      | Killed Blork the orc
  2386 | D:4      | Reached skill level 9 in Stealth
  2430 | D:4      | Reached skill level 1 in Shields
  2599 | D:4      | Found a radiant altar of Vehumet.
  2889 | D:4      | Found a sparkling altar of Nemelex Xobeh.
  3008 | D:5      | Entered Level 5 of the Dungeon
  3046 | D:5      | Mangled by a gnoll sergeant

Illustrated notes

Levels and vault maps discovered:
D:1:      roderic_dead_forest, layout_basic, minmay_three_crescents
D:2:      layout_loops_ring, serial_shops, nicolae_shop_tiny_waterfront
D:3:      layout_rooms, mainiacjoe_overflow_alcove_4,
          shapermc_ecumenical_altar_mp_ritualfount, serial_shops,
          nicolae_shop_advertising_works [nicolae_subvault_shop_adworks]
D:4:      layout_loops_ring, nemelex_dance_club_becter, marbit_many_paths,
          minmay_temple_entry_mini_moons, uniq_blork_the_orc
D:5:      layout_loops_ring, hangedman_ru_absence
Temple:   hellmonk_temple_flake

Skill      XL: |  1  2  3  4  5  6 |
---------------+-------------------+-----
Stealth        | 6 7 8 9 |  9.2
Short Blades   | 3 |  3.6
Shields        | 1 |  1.8
Fighting       | |  2.8
Throwing       | |  2.0
Dodging        | |  1.3

Action                     |  1- 3 |  4- 6 || total
---------------------------+-------+-------++-------
  Melee: Dagger            |    52 |    83 ||   135
         Constrict         |    11 |     9 ||    20
         Tentacles         |     9 |    10 ||    19
    Use: Scroll            |     7 |     2 ||     9
   Stab: Sleeping          |    11 |    38 ||    49
         Distracted        |     1 |     3 ||     4
 Armour: Skin              |    24 |    20 ||    44
  Dodge: Dodged            |    23 |    19 ||    42
  Block: Kite shield       |       |     6 ||     6
